AoeStats
← porkchop8732

Arabia

510604567Analyzed
1v1 RM · 22h ago on Oct 1, 2026· 57m 56s· 2 players
Game mode
Random Map
Map size
Tiny (2 player)
Population
200
Speed
Normal
Resources
Standard
Victory
Conquest
Starting age
Dark Age
Ending age
Imperial Age
RankedLock teamsTeams togetherTeam positionsShared explorationLock speedFull tech treeHidden civsTurbo modeCheats
Victory
Defeat
🇺🇸 Jurchens · United States
1131
+16
🇷🇺 Bengalis · Russia
1125
-16
HeO_3km
4:29 Loom
10:51 Feudal Age
16:33 Castle Age
15:55 Fletching
16:29 Double-Bit Axe
27:03 Bloodlines
27:35 Town Watch
28:44 Light Cavalry
30:06 Gold Mining
30:38 Horse Collar
31:10 Padded Archer Armor
35:13 Stone Mining
36:34 Wheelbarrow
37:47 Scale Barding Armor
37:39 Bodkin Arrow
42:26 Imperial Age
40:50 Bow Saw
41:00 Husbandry
41:31 Hand Cart
41:40 Devotion
42:25 Chain Barding Armor
42:16 Forging
43:34 Gold Shaft Mining
46:22 Two-Man Saw
45:23 Heavy Plow
48:12 Plate Barding Armor
48:14 Iron Casting
48:13 Conscription
47:59 Paiks
49:24 Elite Battle Elephant
51:57 Blast Furnace
57:11 Crossbowman
porkchop8732
5:58 Loom
9:18 Feudal Age
9:47 Double-Bit Axe
19:17 Castle Age
19:13 Horse Collar
23:01 Bow Saw
25:03 Sanctity
25:46 Wheelbarrow
25:10 Elite Skirmisher
28:30 Fervor
30:21 Fletching
30:32 Padded Archer Armor
35:14 Imperial Age
33:45 Hand Cart
37:26 Bodkin Arrow
39:21 Forging
40:34 Two-Man Saw
40:06 Conscription
40:47 Husbandry
40:07 Light Cavalry
40:58 Bloodlines
41:12 Heavy Plow
41:25 Hussar
42:39 Block Printing
43:25 Leather Archer Armor
43:11 Bracer
43:09 Gold Mining
44:20 Crop Rotation
45:21 Ring Archer Armor
44:57 Scale Barding Armor
45:28 Iron Casting
49:29 Squires
50:31 Blast Furnace
49:32 Scale Mail Armor
50:35 Chain Barding Armor
51:47 Ballistics
52:17 Treadmill Crane
55:46 Elite Fire Lancer
56:12 Gambesons
56:13 Arson
58:28 Chain Mail Armor
Connection lost

Rejoining the realm…

Still unreachable

The connection could not be restored.

Session expired

The server has moved on; the page needs a fresh start.